 Dungeon Crawl Stone Soup version 0.25.0-26-g0c896c7088 (console) character file.

Game seed: 15306778719495102062

207 Colgate the Skirmisher (level 5, 0/50 HPs)
             Began as a Naga Berserker on July 5, 2020.
             Was a Believer of Trog.
             Slain by paps's ghost (4 damage)
             ... on level 3 of the Dungeon.
             The game lasted 00:30:41 (2355 turns).

Colgate the Skirmisher (Naga Berserker)             Turns: 2355, Time: 00:30:41

Health: 0/50       AC:  6    Str: 20    XL:     5   Next: 85%
Magic:  4/4        EV:  9    Int:  7    God:    Trog [**....]
Gold:   81         SH:  0    Dex: 11    Spells: 4/4 levels left

rFire    . . .     SeeInvis +   a - +0 hand axe
rCold    . . .     Gourm    .   (no shield)
rNeg     . . .     Faith    .   j - +0 ring mail
rPois    +         Spirit   .   (no helmet)
rElec    .         Reflect  .   (no cloak)
rCorr    .         Harm     .   (no gloves)
MR       .....                  (no barding)
Stlth    +.........             (no amulet)
HPRegen  0.16/turn              (no ring)
MPRegen  0.09/turn              (no ring)

@: berserk cooldown, stab, very slightly contaminated, slowed, very slow
A: large, icy blue scales 1, see invisible, deformed body, low mp 1, sense
surroundings 1, poison resistance, slowness 2, slow metabolism 1, spit poison 1,
MP-powered wands, AC +1
a: Spit Poison, Berserk, Trog's Hand, Renounce Religion


You were on level 3 of the Dungeon.
You worshipped Trog.
Trog was pleased with you.
You were near starving.

You visited 1 branch of the dungeon, and saw 3 of its levels.

You collected 81 gold pieces.

Inventory:

Hand Weapons
 a - a +0 hand axe (weapon)
 p - a cursed -3 short sword
 q - a +0 club
Missiles
 b - 78 stones
 d - 27 bolts
 g - 18 arrows
 h - 3 boomerangs
 s - a silver javelin (quivered)
 u - 20 sling bullets
Armour
 j - a +0 ring mail (worn)
Scrolls
 e - a scroll of enchant weapon {unknown}
 l - a scroll of random uselessness {unknown}
 m - a scroll of identify {unknown}
 n - 3 scrolls of teleportation {unknown}
 o - a scroll of remove curse {unknown}
Potions
 k - 3 potions of curing
Comestibles
 c - 9 rations


   Skills:
 - Level 4.0 Fighting
 - Level 4.0 Axes
 - Level 2.2 Throwing
 + Level 2.9 Armour
 - Level 1.5 Dodging


You had 4 spell levels left.
You didn't know any spells.
Your spell library was empty.

Dungeon Overview and Level Annotations

Branches:
Dungeon (3/15)

Altars:

Portals:
Abyss: D:3

Annotations:
D:3 1 transporter, Natasha; paps's ghost, amateur OpTm


Innate Abilities, Weirdness & Mutations

You cannot wear boots.
Your serpentine skin is tough. (AC +1)
You have supernaturally acute eyesight. (SInv)
Armour fits poorly on your strangely shaped body.
Your system is resistant to poisons. (rPois)
You cover ground very slowly.
You have a slow metabolism.
You can spit poison.
You are partially covered in icy blue scales. (AC +2)
Your magical capacity is low. (-10% MP)
You passively map a small area around you.
You expend magic power (3 MP) to strengthen your wands.


Message History

It was a potion of stabbing.
You feel ready to backstab. Paps's ghost closely misses you.
It was a potion of mutation.
You feel extremely strange.
You feel your magical essence link to the dungeon's wands.
You feel less energetic.
Icy blue scales grow over part of your body.
You feel a strange attunement to the structure of the dungeons.
Paps's ghost hits you but does no damage.
Paps's ghost barely misses you.
You barely miss paps's ghost.
Paps's ghost is heavily damaged.
Paps's ghost hits you.
* * * LOW HITPOINT WARNING * * *
You hit paps's ghost.
Paps's ghost is severely damaged.
Paps's ghost hits you.
* * * LOW HITPOINT WARNING * * *
Paps's ghost hits you.
You die...

#####.#########.####.######...#..
............)...........÷......>.
##.)#.##..........##.##.##.......
#.......###.÷###..#.##.##.......
#..###.##?####.##.#....##.##....
##.#.###..###...#..######.####.#
#.#. #^......#..######......#
###.##. ##.#...#.##......#.######
.....#..#.#.#####.##.....#.#
.....##....##.#.W.##.....#.#
......##?..#©.##@##.....##.#*
'##....#$.)##..###....#.##.#
.##....#.##.#,..... #.#.##.#
.##..###....# .....##...##.##
.##..# ##.W..#####..##......#
###.##...###(. ##.##..##..###
#.#.# ##©#.# #.###.##.....
###.##.##..##. ####.# #.##..####
^....###....####....###..#.####
<........#....................#
......###..#############.#.##.#


You could see paps's ghost.

Vanquished Creatures
  An iron imp (D:3)
  An orc wizard (D:3)
  Natasha (twice) (D:3)
  A gnoll (D:3)
  An adder (D:2)
  2 shadow imps (D:3)
  A white imp (D:3)
  An ooze (D:3)
  3 dart slugs
  2 leopard geckos
  3 orcs (D:3)
  6 bats
  A giant cockroach (D:3)
  5 goblins
  4 hobgoblins
  2 quokkas
  2 frilled lizards (D:2)
  5 kobolds
  8 rats
51 creatures vanquished.

Notes
Turn   | Place    | Note
-------+----------+-------------------------------------------
     0 | D:1      | Colgate the Naga Berserker began the quest for the Orb.
     0 | D:1      | Reached XP level 1. HP: 21/21 MP: 1/1
   137 | D:1      | Reached XP level 2. HP: 28/28 MP: 2/2
  1182 | D:2      | Reached XP level 3. HP: 36/36 MP: 3/3
  1444 | D:2      | Reached ** piety under Trog
  1823 | D:3      | Found a transporter.
  2023 | D:3      | Reached XP level 4. HP: 44/44 MP: 4/4
  2030 | D:3      | Reached skill level 1 in Throwing
  2124 | D:3      | Noticed Natasha
  2131 | D:3      | Killed Natasha
  2131 | D:3      | Reached XP level 5. HP: 50/50 MP: 5/5
  2213 | D:3      | Noticed Natasha
  2219 | D:3      | Killed Natasha
  2250 | D:3      | Found a transporter.
  2251 | D:3      | Noticed paps's ghost (amateur OpTm)
  2257 | D:3      | Found a one-way gate to the infinite horrors of the Abyss.
  2286 | D:3      | Noticed Natasha
  2342 | D:3      | HP: 1/50 [paps's ghost (6)]
  2353 | D:3      | Gained mutation: You expend magic power (3 MP) to
                  | strengthen your wands. [potion of mutation]
  2353 | D:3      | Gained mutation: Your magical capacity is low. (-10% MP)
                  | [potion of mutation]
  2353 | D:3      | Gained mutation: You are partially covered in icy blue
                  | scales. (AC +2) [potion of mutation]
  2353 | D:3      | Gained mutation: You passively map a small area around you.
                  | [potion of mutation]
  2355 | D:3      | Slain by paps's ghost

Illustrated notes

Levels and vault maps discovered:
D:1:      zelgadis_glass_arrival_small, layout_basic
D:2:      layout_loops_corners
D:3:      layout_basic, gammafunk_ghost_abyssal_escape, grunt_decor_clamped,
          uniq_natasha

Skill      XL: |  1  2  3  4  5 |
---------------+----------------+-----
Fighting       | 4 |  4.0
Axes           | 4 |  4.0
Throwing       | 2 |  2.2
Armour         | 2 |  2.9
Dodging        | |  1.5

Action                   |  1- 3 |  4- 6 || total
-------------------------+-------+-------++-------
Melee: Hand axe          |    74 |    50 ||   124
Throw: Boomerang         |    57 |    10 ||    67
       Javelin           |       |     1 ||     1
Invok: Berserk           |     5 |     4 ||     9
       Trog's Hand       |     1 |     2 ||     3
  Use: Potion            |       |     3 ||     3
       Scroll            |       |     1 ||     1
  Eat: Chunk             |     6 |     5 ||    11
Armor: Animal skin       |     4 |       ||     4
       Ring mail         |    10 |    15 ||    25
Dodge: Dodged            |    45 |    26 ||    71
